 Dungeon Crawl Stone Soup version 0.24.0-1-gfbc8707122 (webtiles) character file.

Game seed: 2624409404384668212, levelgen mode: deterministic

13 Esekla the Covered (level 2, -1/15 HPs)
             Began as a Deep Elf Wanderer on Oct 28, 2019.
             Slain by a jackal (2 damage)
             ... on level 1 of the Dungeon.
             The game lasted 00:03:47 (321 turns).

Esekla the Covered (Deep Elf Wanderer)               Turns: 321, Time: 00:03:48

Health: -1/15      AC:  2    Str: 10    XL:     2   Next: 24%
Magic:  0/8        EV: 11    Int: 17    God:
Gold:   0          SH:  0    Dex: 12    Spells: 6/7 levels left

rFire    . . .     SeeInvis .   a - +0 dagger
rCold    . . .     Gourm    .   (no shield)
rNeg     . . .     Faith    .   d - +0 robe
rPois    .         Spirit   .   (no helmet)
rElec    .         Reflect  .   (no cloak)
rCorr    .         Harm     .   (no gloves)
MR       .....                  (no boots)
Stlth    ++........             (no amulet)
HPRegen  0.05/turn              (no ring)
MPRegen  0.11/turn              (no ring)

@: very slightly contaminated
A: no striking features
a: no special abilities


You were on level 1 of the Dungeon.
You were not hungry.

You visited 1 branch of the dungeon, and saw 2 of its levels.

Inventory:

Hand Weapons
 a - a +0 dagger (weapon)
Armour
 d - a +0 robe (worn)
Potions
 b - a potion of might {unknown}
 c - a potion of curing
Comestibles
 f - 2 rations


   Skills:
 + Level 4.3 Armour
 + Level 2.5 Stealth
 + Level 3.0 Spellcasting
 * Level 0.9 Conjurations
   Level 1.3 Hexes


You had 6 spell levels left.
You knew the following spells:

 Your Spells              Type           Power        Failure   Level  Hunger
a - Magic Dart            Conj           #...         12%         1    None

Your spell library contained the following spells:

 Spells                   Type           Power        Failure   Level  Hunger
 Slow                     Hex            #.......     16%         2    ##.....
 Summon Butterflies       Summ           #.......     17%         1    None
 Blink                    Tloc           N/A          26%         2    ##.....
 Call Imp                 Summ           #.......     26%         2    ##.....
 Summon Guardian Golem    Hex/Summ       #.......     36%         3    ###....
 Conjure Flame            Conj/Fire      #.......     41%         3    ###....
 Mephitic Cloud           Conj/Pois/Air  #.......     43%         3    ###....


Dungeon Overview and Level Annotations

Branches:
Dungeon (2/15)

Altars:
Cheibriados


Message History

The jackal is severely wounded.
The jackal closely misses you.
You barely miss the jackal.
The jackal is heavily wounded.
The jackal bites you.
Casting: Magic Dart (safe; 12% risk of failure)
Confirm with . or Enter, or press ? or * to list all spells.
Aiming: Magic Dart (safe; 12% risk of failure)
Press: ? - help, Shift-Dir - straight line, f - jackal
Aim: a jackal (heavily wounded)
The magic dart hits the jackal.
The jackal is severely wounded.
The jackal bites you.
* * * LOW HITPOINT WARNING * * *
The jackal bites you.
* * * LOW HITPOINT WARNING * * *
You closely miss the jackal.
The jackal is severely wounded.
The jackal bites you.
You die...

### ##.######
##...#...######
##..........@h.#
##.........####.#
#.........## #.#
##.......## #.# ##......#
#.# #######.≈.≈.## #.#
.........⌠...#............
....)...≈≈≈..#.....#######
#####........#.....#


You could see a jackal.

Vanquished Creatures
  An ooze (D:1)
  A leopard gecko (D:1)
  A goblin (D:1)
  2 jackals (D:1)
  3 rats (D:1)
8 creatures vanquished.

Notes
Turn   | Place    | Note
-------+----------+-------------------------------------------
     0 | D:1      | Esekla the Deep Elf Wanderer began the quest for the Orb.
     0 | D:1      | Esekla set off with the following items: a +0 dagger, a
                  | potion of curing, a +0 robe, a ration; and the following
                  | spells available to memorise: Slow, Magic Dart, Summon
                  | Butterflies, Blink, Call Imp, Summon Guardian Golem,
                  | Conjure Flame, Mephitic Cloud
     0 | D:1      | Reached XP level 1. HP: 10/10 MP: 6/6
     2 | D:1      | Learned a level 1 spell: Magic Dart
   124 | D:2      | Found a snail-covered altar of Cheibriados.
   298 | D:1      | Reached XP level 2. HP: 15/15 MP: 1/8
   321 | D:1      | Slain by a jackal

Levels and vault maps discovered:
D:1:      minmay_arrival_semitransparent, layout_loops_ring,
          columned_hall_lemuel, minmay_liquid_box, corexii_leaking_fountain,
          minivault_11, st_stairs_9
D:2:      layout_basic, nicolae_overflow_crystal_walls,
          minmay_misc_feat_pillars, nicolae_ru_great_annihilating_truth

Action                   || total
-------------------------++-------
Melee: Dagger            ||    18
 Cast: Magic Dart        ||    12
 Stab: Sleeping          ||     2
Armor: Robe              ||     4
Dodge: Dodged            ||    15
